 Dungeon Crawl Stone Soup version 0.20.1-1-g8b1a95d66d (webtiles) character file.

30 NixNut the Stinger (level 3, 24/24 HPs)
             Began as a Demonspawn Venom Mage on Dec 28, 2017.
             Quit the game on level 2 of the Dungeon.
             The game lasted 00:10:36 (1632 turns).

NixNut the Stinger (Demonspawn Venom Mage)          Turns: 1632, Time: 00:10:37

Health: 24/24      AC:  3    Str:  8    XL:     3   Next: 5%
Magic:  6/6        EV:  9    Int: 17    God:
Gold:   46         SH:  6    Dex: 13    Spells: 3/6 levels left

rFire    . . .     SeeInvis .   e - +0 dagger (vamp)
rCold    . . .     Gourm    .   g - +0 shield
rNeg     . . .     Faith    .   a - +0 robe
rPois    .         Spirit   .   (no helmet)
rElec    .         Reflect  .   d - +0 cloak (curse)
rCorr    .         Harm     .   (no gloves)
MR       .....                  (no boots)
Stlth    ++........             (no amulet)
Regen    0.1/turn               (no ring)
MPRegen  0.1/turn               (no ring)

@: no status effects
A: claws 2
a: no special abilities


You were on level 2 of the Dungeon.
You were not hungry.

You visited 1 branch of the dungeon, and saw 2 of its levels.

You collected 46 gold pieces.

Inventory:

Hand Weapons
 e - a +0 vampiric dagger (weapon)
Armour
 a - a +0 robe (worn)
 d - a cursed +0 cloak (worn)
 g - a +0 shield (worn)
Scrolls
 c - a scroll of enchant armour {unknown}
 i - a scroll of remove curse
 j - a scroll of amnesia {unknown}
Potions
 h - a potion of cancellation {unknown}
 l - a potion of curing {unknown}
Books
 b - a Young Poisoner's Handbook

   Spells                             Type                      Level
   a - Sting                          Conjuration/Poison           1
   b - Poisonous Vapours              Poison/Air                   2
   c - Mephitic Cloud                 Conjuration/Poison/Air       3
   d - Olgreb's Toxic Radiance        Poison                       4
   e - Venom Bolt                     Conjuration/Poison           5
Comestibles
 k - a bread ration


   Skills:
 - Level 1.7 Dodging
 - Level 1.9 Stealth
 + Level 0.1 Shields
 - Level 2.0 Spellcasting
 + Level 2.0 Conjurations
 - Level 3.5 Poison Magic


You had 3 spell levels left.
You knew the following spells:

 Your Spells              Type           Power        Failure   Level  Hunger
a - Sting                 Conj/Pois      ##..         38%         1    #......
b - Poisonous Vapours     Pois/Air       #.....       67%         2    ###....


Dungeon Overview and Level Annotations

Branches:
Dungeon (2/15)

Altars:


Innate Abilities, Weirdness & Mutations

You have very sharp fingernails.


Message History

You hit the dart slug but do no damage.
The dart slug is almost dead.
You block the dart slug's attack.
You hit the dart slug.
You feel better.
You kill the dart slug!
You have reached level 3!
Your experience leads to an increase in your attributes!
Increase (S)trength, (I)ntelligence, or (D)exterity?
You feel clever.
Your demonic ancestry asserts itself...
Your fingernails sharpen.
You start resting.
Magic restored.
You start resting.
Your magical contamination has completely faded away.
You start resting.
HP restored.
Saving game... please wait.
Welcome back, NixNut the Demonspawn Venom Mage.
Press ? for a list of commands and other information.
Are you sure you want to abandon this character and quit the game? (Confirm with "yes".)

##'## #.# #.# #.##
#.# #..# ##.## ##.#
#####...## #.#
..#.....# #.#
#.##...## #.#
.##.###.#########.#
†.........÷...†.@.#
.##.###.###########
#> #.# #. #.# ..
#.# ## #.# #.# #.#


There were no monsters in sight!

Vanquished Creatures
  3 dart slugs
  A leopard gecko (D:2)
  A bat (D:1)
  A giant cockroach (D:1)
  5 goblins (D:1)
  A hobgoblin (D:1)
  3 frilled lizards
  2 kobolds (D:1)
  8 rats (D:1)
25 creatures vanquished.

Notes
Turn   | Place    | Note
-------+----------+-------------------------------------------
     0 | D:1      | NixNut the Demonspawn Venom Mage began the quest for the Orb.
     0 | D:1      | Reached XP level 1. HP: 13/13 MP: 3/3
   278 | D:1      | Gained mutation: You have sharp fingernails. [demonic ancestry]
   278 | D:1      | Reached XP level 2. HP: 19/19 MP: 3/5
   300 | D:1      | Learned a level 2 spell: Poisonous Vapours
  1473 | D:2      | Gained mutation: You have very sharp fingernails. [demonic ancestry]
  1473 | D:2      | Reached XP level 3. HP: 11/24 MP: 1/6
  1632 | D:2      | Quit the game

Skill      XL: |  1  2 |
---------------+-------+-----
Conjurations   | 2 |  2.0
Dodging        | |  1.7
Stealth        | |  1.9
Shields        | |  0.1
Spellcasting   | |  2.0
Poison Magic   | |  3.5

Action                   || total
-------------------------++-------
Melee: Unarmed           ||    11
       Dagger            ||    19
 Cast: Sting             ||    40
  Use: Potion            ||     2
       Scroll            ||     1
  Eat: Meat ration       ||     1
       Bread ration      ||     1
Armor: Robe              ||     4
Dodge: Dodged            ||    13
Block: Shield            ||     7
